 Dungeon Crawl Stone Soup version 0.19.3-1-g3169bf9 (webtiles) character file.

388 nono the Ducker (level 7, 0/44 HPs)
             Began as a Halfling Assassin on Jan 24, 2017.
             Slain by a mummy (14 damage)
             ... in an ossuary.
             The game lasted 00:08:01 (2730 turns).

nono the Ducker (Halfling Assassin)                 Turns: 2730, Time: 00:08:02

Health: 0/44       AC: 15    Str: 14    XL:     7   Next: 7%
Magic:  7/7        EV: 11    Int:  9    God:
Gold:   252        SH:  0    Dex: 16    Spells: 0 memorised, 6 levels left

rFire  . . .     SeeInvis .     a - +2 dagger
rCold  . . .     Gourm    .     i - +0 chain mail
rNeg   . . .     Faith    .     (shield restricted)
rPois  .         Spirit   .     (no helmet)
rElec  .         Reflect  .     d - +0 cloak
rCorr  +         Harm     .     y - +0 pair of gloves
MR     .....                    (no boots)
Stlth  ..........               (no amulet)
                                t - ring of resist corrosion
                                h - +3 ring of protection

@: no status effects
A: mutation resistance 1
a: no special abilities


You were in an ossuary.
You were near starving.

You visited 1 branch of the dungeon, and saw 4 of its levels.
You also visited: Ossuary.

You collected 252 gold pieces.

Inventory:

Hand Weapons
 a - a +2 dagger (weapon)
 b - a +0 blowgun
Missiles
 e - 26 poisoned needles
 l - 2 curare-tipped needles
Armour
 c - a +0 robe
 d - a +0 cloak (worn)
 i - a +0 chain mail (worn)
 u - a +0 plate armour
 y - a +0 pair of gloves (worn)
Jewellery
 h - a +3 ring of protection (left hand)
 t - a ring of resist corrosion (right hand)
Wands
 r - a wand of lightning (0/15)
Scrolls
 j - a scroll of amnesia
 k - 4 scrolls of identify {unknown}
 m - a scroll of noise {unknown}
 o - a scroll of random uselessness
 q - a scroll of teleportation {unknown}
 s - a scroll of enchant armour {unknown}
Potions
 n - 3 potions of haste {unknown}
 x - 5 potions of lignification {unknown}
 z - a potion of ambrosia {unknown}
 B - a potion of invisibility {unknown}
Comestibles
 f - a slice of pizza
 g - 3 bread rations
 p - 3 meat rations
 v - a royal jelly


   Skills:
 - Level 1.7 Fighting
 - Level 2.4 Short Blades
 - Level 2.0 Throwing
 + Level 5.0 Armour
 + Level 5.1 Dodging
 - Level 4.4 Stealth


You had 6 spell levels left.
You didn't know any spells.

Dungeon Overview and Level Annotations

Branches:
Dungeon (4/15)
 Temple: D:4-7

Altars:
Ashenzari
Sif Muna
Trog


Innate Abilities, Weirdness & Mutations

You are small and have problems with some larger weapons.
You are somewhat resistant to further mutation.


Message History

The mummy hits you but does no damage.
You hit the mummy but do no damage.
The mummy is moderately damaged.
You hit the mummy but do no damage.
The mummy is moderately damaged.
The mummy misses you.
You hit the mummy.
The mummy is moderately damaged.
The mummy hits you but does no damage.
You hit the mummy.
The mummy is heavily damaged.
You barely miss the mummy.
The mummy is heavily damaged.
The mummy barely misses you.
You hit the mummy.
The mummy is severely damaged.
You hit the mummy.
The mummy is severely damaged.
The mummy hits you!
You die...

..............##..#
...............#..#
..................#
...........##.....#
...........##.....#
..................#
...............^^.#
.#####.........####
. .............#@!#
.∩..........ZM!!#
#################


You could see a mummy and a gnoll zombie.

Vanquished Creatures
  An elf zombie (Ossuary)
  A scorpion (D:4)
  2 hounds (D:4)
  2 human zombies (Ossuary)
  A worker ant (D:4)
  A big kobold zombie (Ossuary)
  2 mummies (Ossuary)
  An adder (D:2)
  An ooze (D:4)
  A worm (D:2)
  5 dart slugs
  A leopard gecko (D:2)
  An orc (D:4)
  9 bats
  4 giant cockroaches
  2 gnoll zombies (Ossuary)
  10 hobgoblins
  5 jackals
  2 kobolds
  3 quokkas
  A ball python (D:2)
  2 frilled lizards
  5 goblins
  A goblin zombie (Ossuary)
  2 jackal zombies (Ossuary)
  An orc zombie (Ossuary)
  A rat (D:2)
  2 rat zombies (D:4)
70 creatures vanquished.

Vanquished Creatures (others)
  An orc zombie (Ossuary)
1 creature vanquished.

Grand Total: 71 creatures vanquished

Notes
Turn   | Place    | Note
-------+----------+-------------------------------------------
     0 | D:1      | nono the Halfling Assassin began the quest for the Orb.
     0 | D:1      | Reached XP level 1. HP: 14/14 MP: 1/1
   188 | D:1      | Reached XP level 2. HP: 16/19 MP: 2/2
   210 | D:1      | Reached skill level 1 in Armour
   590 | D:1      | Reached XP level 3. HP: 24/24 MP: 3/3
  1008 | D:2      | Found a bloodstained altar of Trog.
  1092 | D:2      | Reached XP level 4. HP: 19/29 MP: 4/4
  2065 | D:3      | Found a deep blue altar of Sif Muna.
  2219 | D:4      | Found a shattered altar of Ashenzari.
  2226 | D:4      | Reached XP level 5. HP: 31/34 MP: 5/5
  2305 | D:4      | Reached XP level 6. HP: 34/39 MP: 6/6
  2402 | D:4      | Noticed an ice beast
  2416 | D:4      | Found a sand-covered staircase.
  2535 | Ossuary  | Entered an ossuary
  2683 | Ossuary  | Reached skill level 5 in Armour
  2683 | Ossuary  | Reached skill level 5 in Dodging
  2683 | Ossuary  | Reached XP level 7. HP: 12/44 MP: 7/7
  2730 | Ossuary  | Slain by a mummy

Skill      XL: |  1  2  3  4  5  6 |
---------------+-------------------+-----
Armour         | 1 2 3 4 5 |  5.0
Dodging        | 2 3 4 5 |  5.1
Fighting       | |  1.7
Short Blades   | |  2.4
Throwing       | |  2.0
Stealth        | |  4.4

Action                   |  1- 3 |  4- 6 |  7- 9 || total
-------------------------+-------+-------+-------++-------
Melee: Dagger            |   136 |   269 |    45 ||   450
 Fire: Blowgun           |     3 |     7 |       ||    10
Evoke: Wand              |       |     2 |       ||     2
  Use: Potion            |     1 |     1 |     1 ||     3
       Scroll            |       |     2 |       ||     2
  Eat: Chunk             |     1 |     3 |       ||     4
       Fruit             |       |     1 |       ||     1
Armor: Chain mail        |   107 |   138 |     9 ||   254
Dodge: Dodged            |    58 |   109 |    12 ||   179
